 Dungeon Crawl Stone Soup version 0.18-a0-1788-g92de1ac (webtiles) character file.

9 wvc the Firebug (level 2, -7/14 HPs)
             Began as a Vine Stalker Wanderer on Apr 19, 2016.
             Mangled by a gnoll
             ... wielding a +0 club
              (10 damage)
             ... on level 1 of the Dungeon.
             The game lasted 00:00:47 (256 turns).

wvc the Firebug (Vine Stalker Wanderer)              Turns: 256, Time: 00:00:48

Health: -7/14      AC:  2    Str: 13    XL:     2   Next: 16%
Magic:  0/4        EV: 11    Int: 14    God:
Gold:   12         SH:  0    Dex: 12    Spells: 0 memorised, 3 levels left

rFire  . . .     SeeInvis .     d - +0 club
rCold  . . .     Gourm    .     c - +0 robe
rNeg   . . .     Faith    .     (no shield)
rPois  .         Spirit   +     (no helmet)
rElec  .         Dismiss  .     (no cloak)
rCorr  .         Reflect  .     (no gloves)
SustAt .         Harm     .     (no boots)
MR     .....                    (no amulet)
Stlth  +++.......               (no ring)
                                h - ring of stealth

@: not resistant to hostile enchantments, fairly stealthy
A: fangs 2, regeneration 1, magic shield, antimagic bite, no device heal 3, rot
immunity
a: no special abilities


You were on level 1 of the Dungeon.
You were not hungry.

You visited 1 branch of the dungeon, and saw 1 of its levels.

You collected 12 gold pieces.

Inventory:

Hand Weapons
 d - a +0 club (weapon)
Missiles
 e - 16 poisoned needles
Armour
 c - a +0 robe (worn)
Jewellery
 h - a ring of stealth (left hand)
 o - an uncursed amulet of guardian spirit {unknown}
Scrolls
 g - a scroll of enchant weapon {unknown}
 i - a scroll of identify {unknown}
 l - a scroll of blinking {unknown}
 n - a scroll of fear {unknown}
Potions
 b - 3 potions of curing
Books
 a - a book of Flames

   Spells                             Type                      Level
   a - Flame Tongue                   Conjuration/Fire             1
   b - Throw Flame                    Conjuration/Fire             2
   c - Conjure Flame                  Conjuration/Fire             3
   d - Inner Flame                    Hexes/Fire                   3
   e - Sticky Flame                   Conjuration/Fire             4
   f - Fireball                       Conjuration/Fire             5
Comestibles
 f - a bread ration
 j - 3 meat rations
 k - a beef jerky
 m - a slice of pizza


   Skills:
 - Level 1.0 Fighting
 * Level 1.5 Maces & Flails
   Level 1.7 Bows
 - Level 1.0 Throwing
 - Level 1.2 Stealth
 - Level 1.1 Spellcasting
   Level 2.0 Charms
   Level 2.0 Fire Magic


You had 3 spell levels left.
You didn't know any spells.

Dungeon Overview and Level Annotations

Branches:
Dungeon (1/15)

Altars:


Innate Abilities, Weirdness & Mutations

You have extremely sharp teeth.
Your natural rate of healing is unusually fast.
When hurt, damage is shared between your health and your magic reserves.
Your bite disrupts and absorbs the magic of your enemies.
Potions and wands cannot restore your health.
You are immune to rotting.


Message History

A gnoll is nearby!
The gnoll shouts!
You see here a dented jade amulet.
o - a dented jade amulet The gnoll hits you with a club.
You hit the gnoll.
The gnoll is moderately wounded.
The gnoll hits you with a club.
You completely miss the gnoll. Your bite misses the gnoll.
The gnoll is moderately wounded.
The gnoll hits you with a club.
You barely miss the gnoll.
The gnoll is moderately wounded.
The gnoll hits you with a club.
* * * LOW HITPOINT WARNING * * *
You closely miss the gnoll.
The gnoll is moderately wounded.
The gnoll hits you with a club!
Ouch! That really hurt!
You die...

####..........###..#
.
#.......#.....#.####
.
##.......####.......#
. ......#.##
##..#...# ####..#.#
##.....# #....#
..##..# #....# #.##
.## ##...# #. .#
#@..# #. ## #g..# ..
#...# #...# #...#
#.... ###..# ..#


You could see a gnoll.

Vanquished Creatures
  A dart slug (D:1)
  A giant cockroach (D:1)
  3 bats (D:1)
  A kobold (D:1)
  2 rats (D:1)
8 creatures vanquished.

Notes
Turn   | Place    | Note
--------------------------------------------------------------
     0 | D:1      | wvc the Vine Stalker Wanderer began the quest for the Orb.
     0 | D:1      | wvc set off with: a book of Flames, a potion of curing, a +0 robe, a +0 club, a bread ration
     0 | D:1      | Reached XP level 1. HP: 10/10 MP: 3/3
   105 | D:1      | Reached skill level 1 in Maces & Flails
   126 | D:1      | Reached XP level 2. HP: 14/14 MP: 4/4
   256 | D:1      | Mangled by a gnoll

Vault maps used:
D:1:      evilmike_arrival_crescent, minmay_stone_trees_medium,
          nrook_loot_triangle

Skill      XL: |  1 |
---------------+----+-----
Maces & Flails | 1 |  1.5
Fighting       | |  1.0
Bows           | |  1.7
Throwing       | |  1.0
Stealth        | |  1.2
Spellcasting   | |  1.1
Charms         | |  2.0
Fire Magic     | |  2.0

Action                   || total
-------------------------++-------
Melee: Club              ||    29
       Bite              ||     7
 Stab: Sleeping          ||     1
Armor: Robe              ||     6
Dodge: Dodged            ||    15
